 Dungeon Crawl Stone Soup version 0.28.0-56-g4927b6849a (webtiles) character file.

Game seed: 9475742624229961028

25175 cbfl8 the Severer (level 12, -1/165 HPs)
             Began as a Minotaur Berserker on Jan 26, 2023.
             Was a High Priest of Trog.
             Slain by Frances
             ... wielding a +2 long sword of distortion
              (2 damage)
             ... on level 12 of the Dungeon.
             The game lasted 00:20:57 (15436 turns).

cbfl8 the Severer (Minotaur Berserker)             Turns: 15436, Time: 00:20:58

Health: -1/165     AC: 16    Str: 23    XL:     12   Next: 87%
Magic:  11/11      EV: 10    Int:  4    God:    Trog [*****.]
Gold:   827        SH: 16    Dex: 14    Spells: 11/11 levels left

rFire   . . .      SeeInvis .   H - +0 broad axe
rCold   + . .      Faith    .   y - +0 kite shield
rNeg    . . .      Spirit   .   j - +0 chain mail
rPois   +          Reflect  +   m - +1 hat
rElec   .          Harm     .   l - +0 cloak
rCorr   .          Rampage  .   q - +0 pair of gloves
Will    .....                   (no boots)
Stlth   ..........              F - amulet of reflection
HPRegen 0.37/turn               n - ring of poison resistance
MPRegen 0.12/turn               C - ring of protection from cold

@: berserking, very quick
A: horns 2, retaliatory headbutt
a: Renounce Religion, Berserk, Trog's Hand, Brothers in Arms


You were on level 12 of the Dungeon.
You worshipped Trog.
Trog was extremely pleased with you.
You visited 1 branch of the dungeon, and saw 12 of its levels.

You collected 827 gold pieces.

Inventory:

Hand Weapons
 H - a +0 broad axe (weapon)
Armour
 j - a +0 chain mail (worn)
 l - a +0 cloak (worn)
 m - a +1 hat (worn)
 q - a +0 pair of gloves (worn)
 y - a +0 kite shield (worn)
Jewellery
 i - an amulet of regeneration
 n - a ring of poison resistance (left hand)
 A - a ring of willpower
 C - a ring of protection from cold (right hand)
 F - an amulet of reflection (around neck)
Wands
 G - a wand of flame (15)
Scrolls
 b - a scroll of enchant weapon
 c - 3 scrolls of fear
 f - 5 scrolls of noise
 k - a scroll of acquirement {unknown}
 o - 3 scrolls of enchant armour
 p - 6 scrolls of teleportation
 s - 3 scrolls of magic mapping
 B - 2 scrolls of holy word
 E - a scroll of amnesia {unknown}
 M - a scroll of torment {unknown}
Potions
 a - 2 potions of ambrosia {unknown}
 d - a potion of brilliance {unknown}
 e - 4 potions of haste
 g - 12 potions of curing
 h - 3 potions of invisibility {unknown}
 r - a potion of berserk rage {unknown}
 t - a potion of degeneration {unknown}
 u - 3 potions of mutation {unknown}
 v - 2 potions of resistance {unknown}
 w - a potion of attraction {unknown}
 z - a potion of magic {unknown}
 D - 2 potions of flight {unknown}
Miscellaneous
 I - a tin of tremorstones (2/2)
 N - a condenser vane


   Skills:
 * Level 11.5 Fighting
 * Level 16.3 Axes
 + Level 11.7 Armour
 * Level 7.3 Dodging
 + Level 1.2 Stealth
 + Level 9.2 Shields
 * Level 4.3 Evocations


You had 11 spell levels left.
You didn't know any spells.
Your spell library was empty.

Dungeon Overview and Level Annotations

Branches:
Dungeon (12/15)            Temple (0/1) D:7            Lair (0/6) D:8
    Orc (0/2) D:10

Altars:
Dithmenos
Qazlal
Ru
Yredelemnul
The Shining One

Shops:
D:3 *   D:4 [   D:6 :   D:10 (   D:11 ?   D:12 *

Annotations:
D:12 Frances


Innate Abilities, Weirdness & Mutations

You have a pair of horns on your head.
You reflexively headbutt those who attack you in melee.


Message History

The barbed spikes dig painfully into your body as you move.
* * * LOW HITPOINT WARNING * * *
The barbed spikes snap loose.
You start resting.
HP restored.
Found a scroll of noise.
Found a hunting sling.
You see here a +0 hunting sling.
f - 5 scrolls of noise (gained 1) Frances screams a word of power!
Frances mutters in a terrible tongue.
Frances seems to speed up.
Frances whispers indecipherable words.
The hellwing disappears in a puff of smoke!
You block the sixfirhy's attack. The sixfirhy hits you.
The sixfirhy shocks you!
Frances whispers indecipherable words.
The iron shot hits you!!!
Ouch! That really hurt!
The sixfirhy barely misses you.
A red film seems to cover your vision as you go berserk!
You feel yourself moving faster!
You feel mighty! You block the sixfirhy's attack. x2
Frances hits you with a +2 long sword of distortion!!
* * * LOW HITPOINT WARNING * * *
Space warps horribly around you!
* * * LOW HITPOINT WARNING * * *
You block the sixfirhy's attack. Frances misses you.
You block the sixfirhy's attack.
You slash Frances! You headbutt Frances!
Frances is moderately wounded.
You completely miss the sixfirhy.
The sixfirhy hits you but does no damage.
You slash Frances! You headbutt Frances!
Frances is moderately wounded.
You hit the sixfirhy.
Frances hits you with a +2 long sword of distortion!!
* * * LOW HITPOINT WARNING * * *
Space warps around you.
You die...

### #.##############
#.........)....#
######.######.####.##
#.............####.#
...................# ########
..####.#####..####.#######.......
..#.##.# #..###@.......#.......
.......#####....@3...............
..............###................
...^............##...43..........
..#.............##...............
........................##.......
..............####....#.##3......
.....................##+##.......
..............###...... ........
.......###.#..# #...........#'###


You could see Frances (fast), a hellwing (summoned), a sixfirhy (summoned) and a
neqoxec (summoned).

Vanquished Creatures
  Gastronok (D:9)
  A quicksilver ooze (D:11)
  A boulder beetle (D:11)
  Erolcha (D:9)
  3 ogre magi (D:11)
  A catoblepas (D:9)
  2 centaur warriors
  A hydra (D:11)
  Erica (D:11)
  2 two-headed ogres
  An orc knight (D:11)
  An oklob plant (D:8)
  An ugly thing (D:11)
  3 manticores
  2 cyclopes (D:11)
  Maurice (D:9)
  An unseen horror (D:11)
  A gargoyle (D:12)
  2 trolls
  A hornet (D:10)
  Prince Ribbit (D:9)
  A slime creature (D:12)
  A vampire (D:11)
  3 wraiths (D:11)
  14 yaks
  2 basilisks
  A vampire mosquito (D:11)
  A steam dragon (D:8)
  3 water moccasins
  An acid dragon (D:11)
  5 orc warriors
  An ice beast (D:6)
  A black bear (D:5)
  3 ogres
  6 centaurs
  A kobold brigand (D:6)
  5 bullfrogs
  2 gnoll sergeants
  A wyvern zombie (D:8)
  6 scorpions
  14 killer bees
  5 wights (D:8)
  6 spriggan skeletons (D:10)
  4 howler monkeys
  A troll skeleton (D:10)
  7 centaur zombies
  A bullfrog zombie (D:5)
  A bullfrog skeleton (D:4)
  6 jellies
  3 hounds
  4 orc priests
  6 iguanas
  Natasha (thrice) (D:3)
  A gnoll shaman (D:8)
  14 orc wizards
  3 killer bee zombies (D:8)
  A hound skeleton (D:5)
  A howler monkey zombie (D:8)
  Robin (D:2)
  8 gnolls
  5 adders
  2 adder skeletons (D:4)
  3 dart slugs
  28 orcs
  5 ball pythons
  19 endoplasms
  5 giant cockroaches
  16 goblins
  9 hobgoblins
  8 kobolds
  A quokka (D:2)
  8 bats
  2 frilled lizards (D:1)
  3 rats
291 creatures vanquished.

Vanquished Creatures (collateral kills)
  A hydra (D:12)
  A komodo dragon (D:8)
  3 slime creatures (D:12)
  A wight (D:8)
6 creatures vanquished.

Vanquished Creatures (others)
  An orc wizard (D:11)
  9 fungi
  3 plants (D:8)
13 creatures vanquished.

Grand Total: 310 creatures vanquished

Notes
Turn   | Place    | Note
-------+----------+-------------------------------------------
     0 | D:1      | cbfl8 the Minotaur Berserker began the quest for the Orb.
     0 | D:1      | Reached XP level 1. HP: 19/19 MP: 0/0
   241 | D:1      | Reached skill level 4 in Axes
   241 | D:1      | Reached XP level 2. HP: 18/27 MP: 1/1
   460 | D:1      | Found a faded altar of an unknown god.
  1137 | D:2      | Reached ** piety under Trog
  1196 | D:2      | Reached XP level 3. HP: 33/33 MP: 2/2
  1574 | D:2      | Identified the -6 helmet of the Wild Haggis {+Inv rPois
                  | Int+2}
  1574 | D:2      | Noticed Robin
  1593 | D:2      | Killed Robin
  1608 | D:2      | Reached XP level 4. HP: 26/41 MP: 3/3
  1725 | D:2      | Found a glowing golden altar of the Shining One.
  2224 | D:3      | Reached skill level 5 in Axes
  2331 | D:3      | Found Varcheir's Assorted Antiques.
  2449 | D:3      | Noticed Natasha
  2462 | D:3      | Killed Natasha
  2463 | D:3      | Reached XP level 5. HP: 35/47 MP: 4/4
  2529 | D:3      | Noticed Natasha
  2534 | D:3      | Killed Natasha
  2757 | D:3      | Noticed Natasha
  2766 | D:3      | Killed Natasha
  2983 | D:4      | Reached skill level 6 in Axes
  3090 | D:4      | Noticed an ogre
  3097 | D:4      | Killed an ogre
  3098 | D:4      | Reached skill level 5 in Fighting
  3098 | D:4      | Reached XP level 6. HP: 37/56 MP: 5/5
  3391 | D:4      | Reached *** piety under Trog
  3562 | D:4      | Found Yxaforach's Armour Boutique.
  3814 | D:5      | Entered Level 5 of the Dungeon
  3844 | D:5      | Reached skill level 7 in Axes
  3844 | D:5      | Reached XP level 7. HP: 61/61 MP: 6/6
  3868 | D:5      | Reached skill level 5 in Armour
  4190 | D:5      | Reached skill level 8 in Axes
  4377 | D:5      | Reached XP level 8. HP: 50/68 MP: 7/7
  4687 | D:5      | Found a stormy altar of Qazlal.
  5307 | D:6      | Found Ataithrax's Book Boutique.
  5343 | D:6      | Reached skill level 9 in Axes
  5439 | D:6      | Reached skill level 1 in Shields
  6020 | D:6      | Identified the +3 war axe "Uselud" {vorpal, *Rage rElec
                  | rN++ rCorr}
  6202 | D:7      | Reached XP level 9. HP: 78/78 MP: 8/8
  6210 | D:7      | Reached **** piety under Trog
  6295 | D:7      | Found a staircase to the Ecumenical Temple.
  6307 | D:7      | Reached skill level 10 in Axes
  6653 | D:7      | Found a sacrificial altar of Ru.
  6660 | D:7      | Found a shadowy altar of Dithmenos.
  6992 | D:8      | Noticed a komodo dragon
  7000 | D:8      | Reached skill level 1 in Stealth
  7019 | D:8      | Reached skill level 11 in Axes
  7020 | D:8      | Killed a komodo dragon
  7168 | D:8      | Noticed a two-headed ogre
  7174 | D:8      | Killed a two-headed ogre
  7175 | D:8      | Reached skill level 5 in Shields
  7175 | D:8      | Reached XP level 10. HP: 88/88 MP: 9/9
  7224 | D:8      | Reached skill level 12 in Axes
  7534 | D:8      | Found a basalt altar of Yredelemnul.
  7588 | D:8      | Noticed an oklob plant
  7651 | D:8      | Killed an oklob plant
  7933 | D:8      | Found a staircase to the Lair.
  8097 | D:9      | Noticed Erolcha
  8099 | D:9      | Noticed Gastronok
  8111 | D:9      | Killed Erolcha
  8112 | D:9      | Reached skill level 13 in Axes
  8125 | D:9      | Killed Gastronok
  8126 | D:9      | Reached skill level 10 in Armour
  8250 | D:9      | Noticed Maurice
  8250 | D:9      | Paralysed by Maurice for 7 turns
  8279 | D:9      | Killed Maurice
  8280 | D:9      | Reached XP level 11. HP: 93/97 MP: 10/10
  8488 | D:9      | Reached ***** piety under Trog
  8576 | D:9      | Noticed Prince Ribbit
  8605 | D:9      | Noticed a catoblepas
  8632 | D:9      | Killed a catoblepas
  8633 | D:9      | Reached skill level 14 in Axes
  8648 | D:9      | Killed Prince Ribbit
  9319 | D:10     | Entered Level 10 of the Dungeon
  9395 | D:10     | Found a staircase to the Orcish Mines.
  9405 | D:10     | Reached skill level 5 in Dodging
  9409 | D:10     | Found Cisiehokk's Weapon Emporium.
 10058 | D:10     | Noticed a centaur warrior
 10067 | D:10     | Killed a centaur warrior
 10068 | D:10     | Reached skill level 1 in Evocations
 11089 | D:11     | Reached skill level 10 in Fighting
 11257 | D:11     | Noticed a boulder beetle
 11282 | D:11     | Noticed a quicksilver ooze
 11282 | D:11     | a boulder beetle changed into a quicksilver ooze
 11478 | D:11     | Killed a quicksilver ooze
 11709 | D:11     | Noticed a five-headed hydra
 11716 | D:11     | Killed a ten-headed hydra
 12080 | D:11     | Noticed a two-headed ogre
 12088 | D:11     | Killed a two-headed ogre
 12158 | D:11     | Found Citaisch's Magic Scroll Shoppe.
 12342 | D:11     | Noticed a centaur warrior
 12355 | D:11     | Killed a centaur warrior
 12356 | D:11     | Reached XP level 12. HP: 54/107 MP: 11/11
 12672 | D:11     | Noticed an ogre mage
 12675 | D:11     | Paralysed by something for 5 turns
 12684 | D:11     | Killed an ogre mage
 12685 | D:11     | Reached skill level 15 in Axes
 13078 | D:11     | Noticed a boulder beetle
 13091 | D:11     | Killed a boulder beetle
 13325 | D:11     | Noticed Erica
 13337 | D:11     | Killed Erica
 13424 | D:11     | Noticed an ogre mage
 13425 | D:11     | Noticed an ogre mage
 13430 | D:11     | Killed an ogre mage
 13434 | D:11     | Killed an ogre mage
 13690 | D:11     | Found the +7 Singing Sword {vorpal, sonic wave}
 14468 | D:12     | Found Xeoreck's Elemental Accessories.
 14473 | D:12     | Noticed Frances
 14539 | D:12     | Reached skill level 16 in Axes
 14727 | D:12     | Noticed an eight-headed hydra
 14739 | D:12     | Killed a nine-headed hydra
 15436 | D:12     | HP: 1/165 [Frances/+2 long sword of distortion (25)]
 15436 | D:12     | Slain by Frances

Illustrated notes

Levels and vault maps discovered:
D:1:      scummos_arrival_checkerplants, layout_basic,
          dreamdust_ecumenical_altar_grove
D:2:      minmay_alternating_diamond, layout_loops_corners, basic_altar,
          minmay_tromino_v7, uniq_robin
D:3:      layout_loops_ring, serial_shops,
          nicolae_shop_temple_entry_statues_fountains, uniq_natasha
D:4:      layout_cave_pods, serial_shops, shop, minmay_misc_feat_hallway
D:5:      layout_cave_pools, nicolae_overflow_hidden_temple,
          minmay_a_box_with_orc_wizards_in_it
D:6:      layout_basic, serial_shops, nicolae_shop_waterfront, serial_glass,
          glass_columns_a, glass_columns_b, glass_columns_a, glass_columns_a,
          glass_columns_c, glass_columns_a, nrook_mini_vaults,
          nicolae_underground_beach
D:7:      layout_gridville, amethyst_overflow_temple_binary,
          minmay_temple_entry_mist, kennysheep_generic_room_14
D:8:      lemuel_slime, layout_cave_pools, nicolae_yredelemnul_corpse_copse,
          grunt_lair_entry_orc_guard_hut
D:9:      layout_layer_cave, uniq_erolcha, uniq_prince_ribbit1, uniq_gastronok,
          uniq_maurice
D:10:     layout_roguey, orc_david_3, hangedman_tell_no_tales
D:11:     minmay_the_grid_3x2 [minmay_the_grid_plusring, minmay_the_grid_fan,
          minmay_the_grid_stretched_grid, minmay_the_grid_doors,
          minmay_the_grid_x, minmay_the_grid_prize_shrinking_boxes],
          layout_irregular_city, serial_shops, shop, uniq_erica
D:12:     layout_basic, nicolae_elemental_shop, uniq_frances

Skill      XL: |  1  2  3  4  5  6  7  8  9 10 11 12 |
---------------+-------------------------------------+-----
Axes           | 4 5 6 7 8 9 11 13 14 16 | 16.3
Fighting       | 4 5 6 7 9 10 11 | 11.5
Armour         | 3 4 6 8 9 10 11 | 11.7
Dodging        | 3 4 6 7 |  7.3
Shields        | 2 5 7 8 9 |  9.2
Stealth        | 1 |  1.2
Evocations     | 2 4 |  4.3

Action                   |  1- 3 |  4- 6 |  7- 9 | 10-12 || total
-------------------------+-------+-------+-------+-------++-------
Melee: Hand axe          |    79 |   118 |   175 |   145 ||   517
       Headbutt          |     7 |    19 |    45 |   116 ||   187
       Punch             |       |       |     1 |       ||     1
       War axe           |       |       |    54 |    88 ||   142
       Broad axe         |       |       |       |   298 ||   298
Invok: Berserk           |     1 |     1 |     2 |    14 ||    18
       Brothers in Arms  |       |       |     1 |       ||     1
Evoke: Wand              |       |       |       |     8 ||     8
  Use: Scroll            |       |       |     8 |     9 ||    17
Armor: Animal skin       |    11 |       |       |       ||    11
       Ring mail         |    29 |       |       |       ||    29
       Chain mail        |       |    54 |   111 |   236 ||   401
Dodge: Dodged            |    51 |    41 |    89 |   165 ||   346
Block: Kite shield       |       |       |    58 |   347 ||   405
       Reflection        |       |       |       |     7 ||     7
